 Dungeon Crawl Stone Soup version 0.21.1-1-g345015f (webtiles) character file.

23 letownia2 the Chiller (level 3, -1/16 HPs)
             Began as a Vine Stalker Ice Elementalist on Feb 24, 2018.
             Slain by a worm (7 damage)
             ... on level 2 of the Dungeon.
             The game lasted 00:02:11 (365 turns).

letownia2 the Chiller (VSIE)                         Turns: 365, Time: 00:02:12

Health: -1/16      AC:  3    Str: 10    XL:     3   Next: 0%
Magic:  0/7        EV: 12    Int: 16    God:
Gold:   61         SH:  0    Dex: 14    Spells: 5/6 levels left

rFire    . . .     SeeInvis .   g - +0 dagger
rCold    . . .     Gourm    .   (no shield)
rNeg     . . .     Faith    .   a - +0 robe
rPois    .         Spirit   +   e - +0 helmet (curse)
rElec    .         Reflect  .   (no cloak)
rCorr    .         Harm     .   (no gloves)
MR       .....                  (no boots)
Stlth    ++........             (no amulet)
HPRegen  0.05/turn              (no ring)
MPRegen  0.10/turn              (no ring)

@: no status effects
A: fangs 2, magic shield, antimagic bite, no potion heal 3, rot immunity
a: no special abilities


You were on level 2 of the Dungeon.
You were not hungry.

You visited 1 branch of the dungeon, and saw 3 of its levels.

You collected 61 gold pieces.

Inventory:

Hand Weapons
 g - a +0 dagger (weapon)
Armour
 a - a +0 robe (worn)
 e - a cursed +0 helmet (worn)
Scrolls
 d - a scroll of blinking {unknown}
 f - a scroll of identify {unknown}
 h - a scroll of amnesia {unknown}
Books
 b - a book of Frost

   Spells                             Type                      Level
   a - Freeze                         Ice                          1
   b - Throw Frost                    Conjuration/Ice              2
   c - Ozocubu's Armour               Charms/Ice                   3
   d - Throw Icicle                   Conjuration/Ice              4
   e - Summon Ice Beast               Ice/Summoning                4
Comestibles
 c - 2 rations


   Skills:
 - Level 1.6 Dodging
 - Level 2.4 Stealth
 - Level 2.2 Spellcasting
   Level 1.0 Conjurations
 + Level 4.0 Ice Magic


You had 5 spell levels left.
You knew the following spells:

 Your Spells              Type           Power        Failure   Level  Hunger
a - Freeze                Ice            ##..         3%          1    #......


Dungeon Overview and Level Annotations

Branches:
Dungeon (3/15)

Altars:
Ashenzari
Cheibriados
Okawaru
Uskayaw


Innate Abilities, Weirdness & Mutations

You have extremely sharp teeth.
When hurt, damage is shared between your health and your magic reserves.
Your bite disrupts and absorbs the magic of your enemies.
Potions cannot restore your health.
You are immune to rotting.


Message History

The goblin wields an uncursed club.
The goblin closely misses you.
You closely miss the goblin. The goblin hits you but does no damage.
Casting: Freeze
Confirm with . or Enter, or press ? or * to list all spells.
Aiming: Freeze
Press: ? - help, Shift-Dir - straight line, f - goblin
Aim: a goblin, wielding a club You freeze the goblin.
The goblin is severely wounded.
The goblin barely misses you.
Unknown command.
The goblin closely misses you.
You hit the goblin.
You kill the goblin!
You have reached level 3!
Your experience leads to an increase in your attributes!
Increase (S)trength, (I)ntelligence, or (D)exterity?
You feel clever. The worm bites you!
You die...

#...######.......
#...###w.........
#....g..##.....<.
#...######....... #...#
###.g......
###%..###.gg##.....
##########...####..########.
.......>().#....†.## #
........†#w@.######
..........)### ..?.......##
......._..# ......_8_.#
####..._..# #......#
#....### #####


You could see a worm.

Vanquished Creatures
  2 dart slugs (D:1)
  A bat (D:1)
  2 giant cockroaches
  4 hobgoblins
  A quokka (D:2)
  2 goblins (D:2)
  2 kobolds (D:1)
  6 rats (D:1)
20 creatures vanquished.

Notes
Turn   | Place    | Note
-------+----------+-------------------------------------------
     0 | D:1      | letownia2 the Vine Stalker Ice Elementalist began the quest for the Orb.
     0 | D:1      | Reached XP level 1. HP: 9/9 MP: 4/4
   127 | D:1      | Reached XP level 2. HP: 8/13 MP: 0/6
   336 | D:2      | Found an iron altar of Okawaru.
   337 | D:2      | Found a hide-covered altar of Uskayaw.
   338 | D:2      | Found a snail-covered altar of Cheibriados.
   338 | D:2      | Found a shattered altar of Ashenzari.
   357 | D:2      | Reached skill level 4 in Ice Magic
   365 | D:2      | Reached XP level 3. HP: 6/16 MP: 0/7
   365 | D:2      | Slain by a worm

Skill      XL: |  1  2 |
---------------+-------+-----
Ice Magic      | 4 |  4.0
Dodging        | |  1.6
Stealth        | |  2.4
Spellcasting   | |  2.2
Conjurations   | |  1.0

Action                   || total
-------------------------++-------
Melee: Unarmed           ||     6
       Bite              ||     2
       Dagger            ||    10
 Cast: Freeze            ||    25
 Stab: Sleeping          ||     1
Armor: Robe              ||     5
Dodge: Dodged            ||    22
